 Dungeon Crawl Stone Soup version 0.31.0-32-g396128a36d (webtiles) character file.

Game seed: 5010491686833269398

88 Curundu the Chopper (level 4, -1/41 HPs)
             Began as a Minotaur Berserker on Mar 14, 2024.
             Was a Believer of Trog.
             Incinerated by a bombardier beetle (3 damage)
             ... with a burning spray
             ... on level 3 of the Dungeon.
             The game lasted 00:03:43 (2032 turns).

Curundu the Chopper (Minotaur Berserker)            Turns: 2032, Time: 00:03:43

Health: -1/41      AC:  3    Str: 23    XL:     4   Next: 30%
Magic:  3/3        EV: 12    Int:  4    God:    Trog [**....]
Gold:   122        SH:  0    Dex: 10    Spells: 3/3 levels left

rFire   . . .        a - +0 hand axe
rCold   . . .        (no shield)
rNeg    . . .        b - +0 animal skin
rPois   .            (helmet restricted)
rElec   .            (no cloak)
rCorr   .            c - +0 pair of gloves
SInv    .            (no boots)
Will    .....        (no amulet)
Stlth   +            (no ring)
HPRegen 0.26/turn    (no ring)
MPRegen 0.08/turn

%: no passive effects
@: on fire, glowing
A: horns 2, retaliatory headbutt
a: Renounce Religion, Berserk, Trog's Hand


You were on level 3 of the Dungeon.
You worshipped Trog.
Trog was pleased with you.
You visited 1 branch of the dungeon, and saw 3 of its levels.

You collected 122 gold pieces.

Inventory:

Hand Weapons
 a - a +0 hand axe (weapon)
Armour
 b - a +0 animal skin (worn)
 c - a +0 pair of gloves (worn)
Jewellery
 q - an amulet of reflection
Wands
 l - a wand of digging (6)
Scrolls
 f - a scroll of revelation {unknown}
 h - a scroll of fog {unknown}
 j - a scroll of teleportation {unknown}
 n - a scroll of fear {unknown}
 o - a scroll of blinking {unknown}
 p - a scroll of identify {unknown}
Potions
 d - a potion of cancellation {unknown}
 e - a potion of attraction {unknown}
 g - 2 potions of curing {unknown}
 i - a potion of haste {unknown}
 k - a potion of berserk rage {unknown}
 m - a potion of invisibility {unknown}


   Skills:
 + Level 4.6 Fighting
 + Level 4.6 Axes
 + Level 3.1 Armour
 + Level 2.9 Dodging


You had 3 spell levels left.
You didn't know any spells.
Your spell library was empty.

Dungeon Overview and Level Annotations

Branches:
Dungeon (3/15)

Altars:

Shops:
D:2 =

Annotations:
D:3 1 transporter, Fractals's ghost, amateur KoHs


Innate Abilities, Weirdness & Mutations

You have a pair of horns on your head.
You reflexively headbutt those who attack you in melee.


Message History

An endoplasm comes into view.
You slash the endoplasm!
You kill the endoplasm!
Trog accepts your kill.
A bombardier beetle comes into view.
The bombardier beetle sprays incendiary fluid at you.
The burning spray hits you.
You are covered in liquid fire!
Found a scroll labelled VECUCR TUGGU.
You shake off some of the fire as you move.
The liquid fire burns you!
You hit the bombardier beetle.
The bombardier beetle is lightly wounded.
The liquid fire burns you!
The bombardier beetle closely misses you.
You hit the bombardier beetle. You headbutt the bombardier beetle.
The bombardier beetle is moderately wounded.
The liquid fire burns you!
You hit the bombardier beetle.
Your headbutt misses the bombardier beetle.
The bombardier beetle is moderately wounded.
The liquid fire burns you! The bombardier beetle bites you.
You slash the bombardier beetle!
The bombardier beetle is almost dead.
The liquid fire burns you!
* * * LOW HITPOINT WARNING * * *
The bombardier beetle bites you.
* * * LOW HITPOINT WARNING * * *
You hit the bombardier beetle.
You kill the bombardier beetle!
Trog accepts your kill. The liquid fire burns you!
* * * LOW HITPOINT WARNING * * *
You have reached level 4!
You feel agile. The liquid fire burns you!
* * * LOW HITPOINT WARNING * * *
The liquid fire burns you!
You die...

?.. ...... ..........
...#....# .....##
........ ......####
......## #.......# # #..
...# #.......#
#.###.###.# #.......#
#....@†...##+#.......#
#..#...................#
#......................#
#.#....#......###©####..
.............##©### ###
.#####.#.##.##... ..
.....##.#....# #..
###.#....#..##. ....
#.###..#.. ..©..##


There were no monsters in sight!

Vanquished Creatures
  A bombardier beetle (D:3)
  An adder (D:2)
  A dart slug (D:2)
  2 ball pythons (D:1)
  2 bats (D:1)
  6 endoplasms
  2 giant cockroaches (D:1)
  4 goblins
  4 hobgoblins
  3 jackals (D:2)
  4 kobolds
  2 quokkas (D:1)
  3 frilled lizards
  3 rats
38 creatures vanquished.

Notes
Turn   | Place    | Note
-------+----------+-------------------------------------------
     0 | D:1      | Curundu the Minotaur Berserker began the quest for the Orb.
     0 | D:1      | Reached XP level 1. HP: 19/19 MP: 0/0
   318 | D:1      | Reached XP level 2. HP: 27/27 MP: 1/1
   889 | D:1      | Reached XP level 3. HP: 33/34 MP: 2/2
  1037 | D:2      | Reached ** piety under Trog
  1104 | D:2      | Found Quufoun's One-of-a-Kind Rings.
  2002 | D:3      | Noticed Fractals's ghost (amateur KoHs)
  2012 | D:3      | Found a transporter.
  2031 | D:3      | Reached XP level 4. HP: 6/41 MP: 3/3
  2031 | D:3      | HP: 2/41 [burnt (4)]
  2032 | D:3      | Incinerated by a bombardier beetle

Illustrated notes

Levels and vault maps discovered:
D:1:      dpeg_chamrin_arrival_tetris, layout_basic,
          shapermc_ecumenical_altar_petra, serial_forest,
          infiniplex_forest_lined_3, infiniplex_forest_straight_2,
          infiniplex_forest_clump_C, infiniplex_forest_lined_1,
          infiniplex_forest_lined_1, infiniplex_forest_lined_corner,
          infiniplex_forest_straight_2, infiniplex_forest_lined_corner,
          infiniplex_forest_lined_corner, minmay_tetromino_i4
D:2:      layout_loops_corners, nicolae_shop_unique_rings, grunt_ministairs_13,
          dk_vineyard_3
D:3:      layout_basic, gammafunk_ghost_stat_death, nicolae_elevator_lobby_plus

Skill      XL: |  1  2  3 |
---------------+----------+-----
Fighting       | 4 |  4.6
Axes           | 4 |  4.6
Armour         | 3 |  3.1
Dodging        | |  2.9

Action                     |  1- 3 |  4- 6 || total
---------------------------+-------+-------++-------
  Melee: Hand axe          |    78 |       ||    78
         Headbutt          |    11 |       ||    11
         Punch             |     2 |       ||     2
 Armour: Animal skin       |    41 |       ||    41
  Dodge: Dodged            |    71 |       ||    71
